[Event "Late-Titled-Tuesday-Blitz-November-28-2023"]
[Site "Chess.com"]
[Date "2023.11.28"]
[Round "3"]
[White "Yurasova_Daria"]
[Black "zivicd"]
[Result "1-0"]
[WhiteElo "2476"]
[BlackElo "2327"]
[TimeControl "180+1"]
[EndTime "14:23:49 PST"]
[Termination "Yurasova_Daria won by resignation"]

1. e4 c6 2. d4 d5 3. e5 Bf5 4.
h4 h5 5. c4 dxc4 6. Bxc4 e6 7.
Nc3 Nd7 8. Nge2 Ne7 9. Bg5 Qb6 10. Ng3 f6 11. exf6 gxf6 12. Nxf5 Nxf5 13. Bxe6 Nxd4 14. Bxd7+ Kxd7 15. Bxf6 Re8+ 16. Kf1 1-0

[Event "Late-Titled-Tuesday-Blitz-November-28-2023"]
[Site "Chess.com"]
[Date "2023.11.28"]
[Round "3"]
[White "stasOR4ik"]
[Black "carloseduar100"]
[Result "1-0"]
[WhiteElo "2482"]
[BlackElo "2258"]
[TimeControl "180+1"]
[EndTime "14:23:58 PST"]
[Termination "stasOR4ik won by checkmate"]

1. e4 e6 2. c4 d5 3. cxd5 exd5 4. exd5 Nf6 5. Bb5+ Bd7 6. Bc4 Bd6 7. Nc3 O-O 8. Nge2 a6 9. a4 Re8 10. d3 Qe7 11.
O-O Bxh2+ 12. Kxh2 Ng4+ 13. Kg1 Qh4 14. Bf4 Ne5 15.
Bg3 Qh5 16. Nf4 Qh6 17. Re1 Bg4 18. Qxg4 Nbd7 19. Qh5 Qb6 20. b3 Qd4 21. Ne4 g6 22.
Qh4 b5 23. Nxg6 c5 24. dxc6 Nxc6 25. Bxf7+ Kxf7 26. Qxh7+ Ke6 27. Nc5+ Kf6 28. Nxd7+ Kf5 29. Qh5# 1-0

[Event "Late-Titled-Tuesday-Blitz-November-28-2023"]
[Site "Chess.com"]
[Date "2023.11.28"]
[Round "3"]
[White "yoelpolanco"]
[Black "qeeqer"]
[Result "0-1"]
[WhiteElo "2268"]
[BlackElo "2551"]
[TimeControl "180+1"]
[EndTime "14:24:10 PST"]
[Termination "qeeqer won by resignation"]

1. d4 e6 2. c4 b6 3. Nc3 Bb7 4. e3 Bb4 5. Nf3 f5 6. Bd3 Nf6 7. Bd2 O-O 8. O-O Bxc3 9. Bxc3 Ne4 10. Re1 d6 11. Bf1 Nd7 12. Rc1 Rf6 13. c5 bxc5 14.
dxc5 Nxc3 15. Rxc3 Nxc5 16. Qc2 Bxf3 17. gxf3 Rg6+ 18.
Kh1 Qh4 19. Bg2 Rf8 20. b4 Rh6 21. h3 Qxb4 22. Rc4 Qxe1+ 0-1

[Event "Late-Titled-Tuesday-Blitz-November-28-2023"]
[Site "Chess.com"]
[Date "2023.11.28"]
[Round "3"]
[White "Hasangatin_Ramil"]
[Black "elchacal664"]
[Result "1-0"]
[WhiteElo "2692"]
[BlackElo "2350"]
[TimeControl "180+1"]
[EndTime "14:24:33 PST"]
[Termination "Hasangatin_Ramil won by resignation"]

1. e4 c5 2. Nf3 d6 3. d4 cxd4 4. Qxd4 Nc6 5. Bb5 Bd7 6. Bxc6 Bxc6 7. Nc3 Nf6 8. Bg5 e6 9. O-O-O Be7 10. Rhe1 Qa5 11.
Nd5 Bxd5 12. exd5 e5 13. Nxe5 dxe5 14. Qxe5 O-O 15. Qxe7 Rae8 16. Bxf6 Rxe7 17. Bxe7 Re8 18.
d6 f5 19. Kb1 Kf7 20. d7 Rxe7 21. Rxe7+ Kxe7 22. d8=Q+ Qxd8 23. Rxd8 Kxd8 24. Kc1 Kd7 25.
Kd2 Kd6 26. Ke3 Kd5 27. Kf4 Ke6 28. h4 Kf6 29. f3 g6 30. g4 h6 31. gxf5 gxf5 32. h5 Ke6 33. Ke3 Ke5 34. f4+ Kd5 35. Kd3 Kc5 36. c4 a5 37. Kc3 b6 38. b3 Kc6 39. Kd4 Kd6 40. a3 1-0

[Event "Late-Titled-Tuesday-Blitz-November-28-2023"]
[Site "Chess.com"]
[Date "2023.11.28"]
[Round "3"]
[White "VladimirBugayev"]
[Black "Bala-Afiada"]
[Result "1-0"]
[WhiteElo "2317"]
[BlackElo "1861"]
[TimeControl "180+1"]
[EndTime "14:24:33 PST"]
[Termination "VladimirBugayev won by resignation"]

1. e4 c5 2. Nc3 Nc6 3. Bb5 d6 4. Bxc6+ bxc6 5. d3 Nf6 6. f4 g6 7. Nf3 Bg7 8. O-O Bg4 9. b3 e5 10. fxe5 dxe5 11. h3 Bxf3 12. Qxf3 Qd4+ 13. Be3 Qxc3 14. Bg5 Qd4+ 15. Kh1 Qd6 16. Bxf6 O-O 17. Rf2 Qd4 18. Raf1 a5 19. a4 Rab8 20. Bxg7 Kxg7 21. Qf6+ Kg8 22. Qxc6 Rbe8 23. Qc7 f5 24. exf5 gxf5 25. Rxf5 Rxf5 26. Rxf5 Qa1+ 27. Kh2 Kh8 28. Qf7 1-0

[Event "Late-Titled-Tuesday-Blitz-November-28-2023"]
[Site "Chess.com"]
[Date "2023.11.28"]
[Round "3"]
[White "Romadk"]
[Black "TheCavemanChess"]
[Result "0-1"]
[WhiteElo "2454"]
[BlackElo "2716"]
[TimeControl "180+1"]
[EndTime "14:24:42 PST"]
[Termination "TheCavemanChess won by resignation"]

1. d4 Nf6 2. Nf3 d5 3. g3 e6 4. Bg2 Be7 5. c4 O-O 6. Nc3 b6 7. O-O Bb7 8. cxd5 Nxd5 9. Qc2 c5 10. e4 Nb4 11. Qd1 cxd4 12. Nxd4 N8c6 13. Nxc6 Bxc6 14. a3 Nd3 15. Qc2 Nxc1 16. Raxc1 Rc8 17. e5 Bxg2 18. Kxg2 Qc7 19. Qe4 Qb8 20. Rfd1 Rfd8 21. h4 h5 22. Rxd8+ Rxd8 23. Rd1 Rxd1 24. Nxd1 g6 25. Ne3 Qc7 26.
Kf3 Kg7 27. a4 Qc1 28. b3 Qh1+ 29. Ng2 Qd1+ 30. Qe2 Qxb3+ 31. Ne3 Qxa4 32. Qd3 Qc6+ 33. Ke2 a5 34. g4 hxg4 35. Nxg4 Bxh4 36. Qh3 Qe4+ 37.
Kf1 Bg5 38. f3 Qd3+ 39. Kf2 Qd4+ 40. Ke2 a4 41. Nf6 Bxf6 42. exf6+ Qxf6 0-1

[Event "Late-Titled-Tuesday-Blitz-November-28-2023"]
[Site "Chess.com"]
[Date "2023.11.28"]
[Round "3"]
[White "FairChess_on_YouTube"]
[Black "GAZZAN_3000"]
[Result "1-0"]
[WhiteElo "3081"]
[BlackElo "2662"]
[TimeControl "180+1"]
[EndTime "14:24:44 PST"]
[Termination "FairChess_on_YouTube won by resignation"]

1. d4 Nf6 2. c4 c5 3. Nf3 cxd4 4. Nxd4 e6 5. Nc3 d5 6. Bf4 Be7 7. Ndb5 Na6 8. e4 Nxe4 9. Nxe4 dxe4 10. Qxd8+ Bxd8 11.
Nd6+ Ke7 12. Nxe4 Ba5+ 13. Nd2 Nb4 14. O-O-O f6 15. Nb3 e5 16. Nxa5 exf4 17. a3 Nc6 18. Nxc6+ bxc6 19. Be2 Be6 20. Rhe1 Rad8 21. Bg4 Rxd1+ 22.
Kxd1 Rd8+ 23. Kc2 f5 24. Bxf5 Kf6 25. Bxe6 Re8 26. Kc3 Rxe6 27. Rxe6+ Kxe6 28. Kd4 g5 29. b4 h5 30. b5 cxb5 31. cxb5 Kf5 32. a4 g4 33. a5 h4 34. g3 1-0

[Event "Late-Titled-Tuesday-Blitz-November-28-2023"]
[Site "Chess.com"]
[Date "2023.11.28"]
[Round "3"]
[White "koncheto"]
[Black "sansanathalia"]
[Result "1-0"]
[WhiteElo "2517"]
[BlackElo "2196"]
[TimeControl "180+1"]
[EndTime "14:24:47 PST"]
[Termination "koncheto won by resignation"]

1. e4 c5 2. Nf3 Nf6 3. Nc3 d5 4. exd5 Nxd5 5. Bc4 Nxc3 6. bxc3 e6 7. O-O Be7 8. d4 O-O 9. Re1 cxd4 10. cxd4 Nd7 11. c3 Nb6 12. Bd3 Bf6 13. Ne5 g6 14. Qf3 Bg7 15. a4 Qf6 16. Qg3 h6 17. Ng4 Qd8 18. Nxh6+ Bxh6 19. Bxh6 Re8 20. Bxg6 Qf6 21. Bd3+ Kh8 22. Bg5 Qg7 23. Qh4+ Kg8 24. Bf6 1-0

[Event "Late-Titled-Tuesday-Blitz-November-28-2023"]
[Site "Chess.com"]
[Date "2023.11.28"]
[Round "3"]
[White "temiksmozg"]
[Black "SpeedofLight0"]
[Result "1-0"]
[WhiteElo "2607"]
[BlackElo "2877"]
[TimeControl "180+1"]
[EndTime "14:24:54 PST"]
[Termination "temiksmozg won by resignation"]

1. e4 e5 2. Nf3 d6 3. d4 exd4 4. Nxd4 Nf6 5. Nc3 g6 6. Bf4 Bg7 7. Qd2 d5 8. Ndb5 Na6 9. exd5 O-O 10. O-O-O Bf5 11. Bd3 Qd7 12. Bxf5 Qxf5 13. Nxc7 Nxc7 14.
Bxc7 Ng4 15. f4 Bxc3 16. bxc3 Nf6 17. Rhe1 Rfe8 18. d6 Nd7 19. Qd4 Qb5 20. Re7 Nc5 21.
Rxe8+ Rxe8 22. d7 Ne6 23. dxe8=Q+ Qxe8 24. Qd8 Nxd8 25. Rxd8 Kf8 26. Bd6+ 1-0

[Event "Late-Titled-Tuesday-Blitz-November-28-2023"]
[Site "Chess.com"]
[Date "2023.11.28"]
[Round "3"]
[White "MajorCoast"]
[Black "rdarruda"]
[Result "0-1"]
[WhiteElo "2226"]
[BlackElo "2521"]
[TimeControl "180+1"]
[EndTime "14:24:57 PST"]
[Termination "rdarruda won by resignation"]

1. a4 d5 2. d4 Nf6 3. c3 Bf5 4. Nf3 Nbd7 5. Bf4 h6 6. e3 g5 7. Bg3 Bg7 8. h4 g4 9. Ne5 h5 10. Bd3 Bxd3 11. Qxd3 Ne4 12. Bf4 Nxe5 13. dxe5 Qd7 14.
Nd2 Nxd2 15. Qxd2 O-O-O 16. a5 a6 17. O-O-O Qa4 18. Qd4 Qxa5 19. Qa7 Qb5 20. Rd4 c5 21. Qa8+ Kc7 22. e6+ Kc6 23. Qa7 cxd4 24. cxd4 Qb6 25. Qxb6+ Kxb6 26. exf7 Rhf8 27. Kb1 Rc8 28. Rc1 Rxc1+ 0-1

[Event "Late-Titled-Tuesday-Blitz-November-28-2023"]
[Site "Chess.com"]
[Date "2023.11.28"]
[Round "3"]
[White "Hirna2005"]
[Black "WindWhistler11"]
[Result "1-0"]
[WhiteElo "2348"]
[BlackElo "2544"]
[TimeControl "180+1"]
[EndTime "14:25:01 PST"]
[Termination "Hirna2005 won by resignation"]

1. e4 e6 2. d4 d5 3. e5 c5 4. c3 Nc6 5. Be3 Bd7 6. Nf3 b6 7. Qd2 Nh6 8. Bd3 Nf5 9. Bxf5 exf5 10. dxc5 bxc5 11. Qxd5 Qb6 12. Qd2 Na5 13. Na3 Bc6 14.
O-O Be4 15. b4 Qg6 16. Nh4 Qg4 17. f3 Qxh4 18. fxe4 cxb4 19. cxb4 Be7 20. Rf4 Qh6 21. Nb5 Qc6 22. Nd4 1-0

[Event "Late-Titled-Tuesday-Blitz-November-28-2023"]
[Site "Chess.com"]
[Date "2023.11.28"]
[Round "3"]
[White "GHANDEEVAM2003"]
[Black "slorovel"]
[Result "0-1"]
[WhiteElo "3115"]
[BlackElo "2519"]
[TimeControl "180+1"]
[EndTime "14:25:04 PST"]
[Termination "slorovel won by resignation"]

1. b3 e5 2. Bb2 Nc6 3. e3 d5 4. Bb5 Bd6 5. Nf3 Qe7 6. d4 e4 7. Ne5 Bd7 8. Nxd7 Qxd7 9. c4 Nf6 10. Nc3 a6 11. Ba4 Qf5 12. Qe2 O-O 13. g4 Nxg4 14. Nxd5 Nb4 15. Rg1 Nd3+ 16. Kd2 Ngxf2 17. Bc3 b5 18.
cxb5 axb5 19. Bxb5 Qxd5 20. Bc4 Qf5 21. a4 c5 22. Raf1 cxd4 23. exd4 e3+ 24. Kc2 Nf4+ 25. Bd3 N4xd3 26. Qxe3 Nb4+ 0-1

[Event "Late-Titled-Tuesday-Blitz-November-28-2023"]
[Site "Chess.com"]
[Date "2023.11.28"]
[Round "3"]
[White "GAO"]
[Black "GiorgianBarbosa"]
[Result "0-1"]
[WhiteElo "2258"]
[BlackElo "2529"]
[TimeControl "180+1"]
[EndTime "14:25:07 PST"]
[Termination "GiorgianBarbosa won by resignation"]

1. e4 c5 2. Nf3 g6 3. d4 cxd4 4. Nxd4 Bg7 5. c4 Nc6 6. Be3 Nf6 7.
Nc3 O-O 8. Be2 Nxd4 9. Bxd4 d6 10. O-O Bd7 11. b3 Bc6 12. f3 Nd7 13. Bxg7 Kxg7 14.
Qd4+ Kg8 15. Rfd1 a5 16. Rac1 Qc7 17. g3 b6 18. Kg2 Nc5 19. Nd5 Qb7 20. Qe3 Bxd5 21.
exd5 Rae8 22. Bf1 e5 23. h4 f5 24. h5 f4 25. Qd2 fxg3 26. hxg6 Rf4 27. gxh7+ Qxh7 28. Kxg3 Kf7 29. Bd3 Qh4+ 30. Kg2 Rg8+ 31. Kf1 Rxf3+ 0-1

[Event "Late-Titled-Tuesday-Blitz-November-28-2023"]
[Site "Chess.com"]
[Date "2023.11.28"]
[Round "3"]
[White "giomar27"]
[Black "Zavgorodniy_Sergiy"]
[Result "0-1"]
[WhiteElo "2425"]
[BlackElo "2670"]
[TimeControl "180+1"]
[EndTime "14:25:13 PST"]
[Termination "Zavgorodniy_Sergiy won by resignation"]

1. e4 c6 2. Ne2 d5 3. e5 Bf5 4. Ng3 Bg6 5. h4 h5 6. e6 Qd6 7. exf7+ Bxf7 8. d4 Nd7 9. Bd3 e5 10. dxe5 Nxe5 11. O-O Nxd3 12. Qxd3 O-O-O 13. Re1 Nf6 14. Qf5+ Qd7 15. Bf4 Qxf5 16. Nxf5 g6 17.
Bg5 Re8 18. Rxe8+ Nxe8 19. Ng3 Bg7 20. c3 Nd6 21. Nd2 Re8 22. Kf1 d4 23. cxd4 Bxd4 24.
Rb1 Bxa2 25. Ra1 Bd5 26. Rd1 Bxb2 27. Ne2 a5 28. Bf4 Nb5 29. f3 a4 30. Nb1 a3 0-1

[Event "Late-Titled-Tuesday-Blitz-November-28-2023"]
[Site "Chess.com"]
[Date "2023.11.28"]
[Round "3"]
[White "ckgchess"]
[Black "ArtemDyachuk"]
[Result "1-0"]
[WhiteElo "2860"]
[BlackElo "2560"]
[TimeControl "180+1"]
[EndTime "14:25:18 PST"]
[Termination "ckgchess won by checkmate"]

1. e4 e5 2. Nf3 Nf6 3. Bc4 Nxe4 4. Nc3 Nf6 5. Nxe5 d5 6. Bb3 Bd6 7. d4 c6 8. O-O O-O 9. Bg5 h6 10. Bh4 Re8 11. f4 Nbd7 12. Ne2 Nf8 13. Ng3 Qb6 14.
c3 N8h7 15. Kh1 Be6 16. Bc2 Qxb2 17. Qd2 Qb6 18. Rae1 Qc7 19. Qd3 Ne4 20. f5 Bd7 21.
Nxe4 dxe4 22. Rxe4 Ng5 23. Bxg5 hxg5 24. f6 g6 25.
Nxg6 fxg6 26. f7+ Kg7 27. Rxe8 Bf5 28. Rxf5 Rxe8 29. fxe8=Q Bxh2 30. Qf8+ Kh7 31. Rf7+ Qxf7 32. Qxf7+ Kh8 33. Qdxg6 Be5 34. Qgh7# 1-0

[Event "Late-Titled-Tuesday-Blitz-November-28-2023"]
[Site "Chess.com"]
[Date "2023.11.28"]
[Round "3"]
[White "Jahonas"]
[Black "Tomytoteph"]
[Result "1-0"]
[WhiteElo "2414"]
[BlackElo "2612"]
[TimeControl "180+1"]
[EndTime "14:25:22 PST"]
[Termination "Jahonas won by checkmate"]

1. e4 c5 2. Nf3 g6 3. d4 cxd4 4. Nxd4 Bg7 5. c3 Nc6 6. Nxc6 bxc6 7. Bc4 Bb7 8. O-O d5 9. Bd3 Nf6 10. e5 Nd7 11. f4 O-O 12. Nd2 e6 13. Nf3 f6 14.
Qe2 fxe5 15. fxe5 Qc7 16. Re1 Rxf3 17. Qxf3 Nxe5 18. Qg3 Qb6+ 19. Kh1 Nxd3 20. Qxd3 e5 21. Be3 Qc7 22. Bc5 e4 23. Qe3 Be5 24. h3 Ba6 25. Bd4 Bf4 26. Qf2 Bg3 27. Qf6 Re8 28. Rf1 Bxf1 29. Qh8+ Kf7 30. Rxf1+ Ke7 31. Qxh7+ Kd8 32. Rf7 Qd6 33. Rxa7 Re7 34. Bb6+ Ke8 35. Qg8# 1-0

[Event "Late-Titled-Tuesday-Blitz-November-28-2023"]
[Site "Chess.com"]
[Date "2023.11.28"]
[Round "3"]
[White "jefferyx"]
[Black "mr_gustavo"]
[Result "1-0"]
[WhiteElo "2979"]
[BlackElo "2633"]
[TimeControl "180+1"]
[EndTime "14:25:25 PST"]
[Termination "jefferyx won by resignation"]

1. b4 e5 2. a3 a5 3. b5 d5 4. Bb2 Bd6 5. e3 Nf6 6. Nf3 Qe7 7. d4 exd4 8. Qxd4 c5 9. bxc6 Nxc6 10. Qh4 Ne5 11. Nbd2 O-O 12. Bd3 Nxd3+ 13. cxd3 Bf5 14. Bxf6 gxf6 15. Ke2 Rfc8 16. Nd4 Bg6 17. g4 Be5 18. N2f3 Rc3 19. Rad1 Rac8 20. Nxe5 Qxe5 21. f4 Rc2+ 22. Kf3 Qe7 23. f5 Re8 24. Nxc2 d4 25. fxg6 dxe3 1-0

[Event "Late-Titled-Tuesday-Blitz-November-28-2023"]
[Site "Chess.com"]
[Date "2023.11.28"]
[Round "3"]
[White "h4parah5"]
[Black "DreamsAreFake"]
[Result "0-1"]
[WhiteElo "2920"]
[BlackElo "2655"]
[TimeControl "180+1"]
[EndTime "14:25:27 PST"]
[Termination "DreamsAreFake won by resignation"]

1. d4 Nf6 2. Nf3 b6 3. Bg5 Bb7 4. Nbd2 d5 5. e3 Nbd7 6. a4 a6 7. a5 b5 8. b4 e6 9. c3 h6 10. Bh4 Bd6 11. Be2 g5 12. Bg3 Qe7 13.
Ne5 O-O-O 14. h4 Nb8 15. Qc2 Nfd7 16. Nb3 Bxe5 17. Bxe5 Nxe5 18. dxe5 Nc6 19. f4 gxf4 20. exf4 d4 21. Nc5 dxc3 22. Bf3 Nxb4 23. Bxb7+ Kb8 24. Nxa6+ Kxb7 25. Nxb4 Qxb4 26. Rb1 Qxa5 27. O-O Rd2 28.
Qe4+ c6 29. f5 Rg8 30. fxe6 Rgxg2+ 31. Qxg2 Rxg2+ 32. Kxg2 Qa2+ 33. Kg3 Qxe6 34. Rbe1 b4 35. Rf6 Qc4 36. Ref1 c2 37. Rxf7+ Kb6 0-1

[Event "Late-Titled-Tuesday-Blitz-November-28-2023"]
[Site "Chess.com"]
[Date "2023.11.28"]
[Round "3"]
[White "2346PL"]
[Black "Likvidator228"]
[Result "1/2-1/2"]
[WhiteElo "2366"]
[BlackElo "2570"]
[TimeControl "180+1"]
[EndTime "14:25:29 PST"]
[Termination "Game drawn by agreement"]

1. d4 g6 2. e4 Bg7 3. Nc3 d6 4. Bg5 h6 5. Bh4 Nc6 6. Nge2 g5 7. Bg3 e5 8. dxe5 dxe5 9. Qxd8+ Nxd8 10. Nd5 Ne6 11.
O-O-O c6 12. Ne3 Ne7 13. f3 Nf4 14. Nc4 Neg6 15. Nd6+ Ke7 16. Nxc8+ Raxc8 17. Nxf4 exf4 18. Bf2 b6 19. a4 Rhd8 20. Ba6 Rxd1+ 21. Rxd1 Rd8 22. a5 Rxd1+ 23. Kxd1 Bxb2 24. axb6 axb6 25. Bxb6 Nh4 26. Bf1 Bg7 27. Bc5+ Ke6 28. Ke1 f5 29. Bc4+ Kd7 30. Kf2 fxe4 31. fxe4 Ng6 32. Be2 Ne5 33. g3 fxg3+ 34. hxg3 Ke6 35. Bd4 Bf8 36. Ke3 Bd6 37.
Bxe5 Kxe5 38. g4 Bc5+ 39. Kd3 1/2-1/2

[Event "Late-Titled-Tuesday-Blitz-November-28-2023"]
[Site "Chess.com"]
[Date "2023.11.28"]
[Round "3"]
[White "AsaHoffmann"]
[Black "morte-negra"]
[Result "1-0"]
[WhiteElo "2343"]
[BlackElo "2019"]
[TimeControl "180+1"]
[EndTime "14:25:30 PST"]
[Termination "AsaHoffmann won by resignation"]

1. d4 Nf6 2. Bg5 e5 3. dxe5 h6 4.
exf6 hxg5 5. fxg7 Bxg7 6. Nc3 Nc6 7. e3 a6 8. Bc4 Ne5 9. Bb3 c6 10.
Nf3 d5 11. Nxe5 Bxe5 12. h3 Qc7 13. Qd3 b5 14. O-O-O a5 15. a4 b4 16. Ne2 Ba6 17. Qd2 O-O-O 18. Kb1 Rh4 19. Nd4 Bxd4 20. exd4 Rf4 21.
f3 Qa7 22. Rhe1 Kd7 23. g3 Rxf3 24. Qxg5 Kc8 25. Qg4+ 1-0

[Event "Late-Titled-Tuesday-Blitz-November-28-2023"]
[Site "Chess.com"]
[Date "2023.11.28"]
[Round "3"]
[White "acertijo08"]
[Black "Redzishchess"]
[Result "0-1"]
[WhiteElo "2279"]
[BlackElo "2516"]
[TimeControl "180+1"]
[EndTime "14:25:32 PST"]
[Termination "Redzishchess won by resignation"]

1. e4 c5 2. Nf3 d6 3. d4 cxd4 4. Nxd4 Nf6 5. Nc3 g6 6. Be3 Bg7 7. f3 O-O 8. Qd2 Nc6 9. Bc4 Bd7 10. O-O-O Rc8 11. Bb3 Ne5 12. h4 h5 13. Bg5 Nc4 14.
Bxc4 Rxc4 15. Nb3 b5 16. e5 b4 17. Ne2 Nh7 18. exd6 Nxg5 19. dxe7 Qxe7 20. hxg5 Bf5 21. Ned4 Bxc2 22. Nxc2 Rfc8 23. Na1 Qe5 24. Qd3 Qxb2+ 25. Kd2 Rd4 0-1

[Event "Late-Titled-Tuesday-Blitz-November-28-2023"]
[Site "Chess.com"]
[Date "2023.11.28"]
[Round "3"]
[White "Msb2"]
[Black "reevecanada"]
[Result "1-0"]
[WhiteElo "3032"]
[BlackElo "2646"]
[TimeControl "180+1"]
[EndTime "14:25:34 PST"]
[Termination "Msb2 won by checkmate"]

1. d4 d5 2. c4 c6 3. Nf3 Nf6 4.
Nc3 dxc4 5. e4 b5 6. Qc2 e6 7. Be2 Be7 8. O-O O-O 9. e5 Nd5 10. Ne4 Nd7 11. Neg5 g6 12. Qe4 h6 13. Nxe6 Qb6 14.
Nxf8 Bxf8 15. e6 N7f6 16. exf7+ Kg7 17. Qh4 h5 18. Ne5 Bf5 19. Qg5 Kh7 20. g4 Ne4 21. Qh4 Be7 22. Qh3 Be6 23. Nxg6 Kxg6 24. Qxh5+ Kf6 25.
g5+ Kg7 26. Qh6+ Kxf7 27. Bh5+ Kg8 28. Qxe6+ Kh8 29. Qxe4 Rg8 30. h4 Qc7 31. Qe5+ Qxe5 32. dxe5 Rf8 33. f4 Bc5+ 34. Kg2 Nb4 35. Bg6 Kg7 36. Be4 Rd8 37. f5 Rd4 38. f6+ Kf8 39. Be3 Nd5 40. Bxd4 Bxd4 41. Bxd5 cxd5 42. e6 Bxb2 43. e7+ Kf7 44. g6+ Ke8 45. g7 Kf7 46. g8=Q+ Kxg8 47. e8=Q+ Kh7 48. Qf7+ Kh6 49. Qg7+ Kh5 50.
Qg5# 1-0

[Event "Late-Titled-Tuesday-Blitz-November-28-2023"]
[Site "Chess.com"]
[Date "2023.11.28"]
[Round "3"]
[White "Charodej1"]
[Black "Cristi_Coca"]
[Result "0-1"]
[WhiteElo "2202"]
[BlackElo "2458"]
[TimeControl "180+1"]
[EndTime "14:25:37 PST"]
[Termination "Cristi_Coca won by resignation"]

1. e4 c5 2. Nf3 e6 3. d4 cxd4 4. Nxd4 a6 5. c4 Nf6 6. Nc3 Qc7 7. a3 b6 8. Be2 Bb7 9. f3 d6 10. Be3 Nbd7 11. O-O Be7 12. Rc1 Rc8 13. b4 Qb8 14. Kh1 O-O 15. Bg1 Rfe8 16. Qb3 h5 17. Rc2 h4 18. Rb1 h3 19. a4 hxg2+ 20. Kxg2 Nh5 21. Be3 Ne5 22. f4 Nxc4 23. Bxc4 d5 24. exd5 Nxf4+ 25. Kf1 Qe5 26. Re1 exd5 27. Nf3 dxc4 28. Qb1 Bxf3 0-1

[Event "Late-Titled-Tuesday-Blitz-November-28-2023"]
[Site "Chess.com"]
[Date "2023.11.28"]
[Round "3"]
[White "subham777"]
[Black "AryanTari"]
[Result "0-1"]
[WhiteElo "2656"]
[BlackElo "2977"]
[TimeControl "180+1"]
[EndTime "14:25:43 PST"]
[Termination "AryanTari won by resignation"]

1. e4 c6 2. c4 d5 3. cxd5 cxd5 4. exd5 Nf6 5. Nc3 Nxd5 6. Nf3 Nc6 7. d4 g6 8. Bc4 e6 9. O-O Bg7 10. Bg5 Nde7 11. Re1 h6 12. Bxe7 Nxe7 13. d5 Bxc3 14. bxc3 exd5 15. Qxd5 Qxd5 16. Bxd5 Kf8 17. Rad1 Nxd5 18.
Rxd5 Be6 19. Rb5 b6 20. Nd4 Bc4 21. Rb2 Kg7 22. f3 Rhc8 23. Kf2 Rc7 24. Re3 Rac8 25.
a3 Ba6 26. Rc2 Rc4 27. Re7 Rxd4 28. Rxa7 Ra4 29. Rb2 Rxc3 30. Rxb6 Rcxa3 31. Rc7 Bc4 32. Rbb7 Ra2+ 33. Kg3 Be6 34. Re7 Kf6 35. Re8 Rc4 36.
Rh8 h5 0-1

[Event "Late-Titled-Tuesday-Blitz-November-28-2023"]
[Site "Chess.com"]
[Date "2023.11.28"]
[Round "3"]
[White "nicolochessit"]
[Black "Hypercar"]
[Result "0-1"]
[WhiteElo "2342"]
[BlackElo "2512"]
[TimeControl "180+1"]
[EndTime "14:25:44 PST"]
[Termination "Hypercar won on time"]

1. e4 c5 2. Nf3 e6 3. c3 d6 4. d4 cxd4 5. cxd4 Nf6 6. Nc3 Nc6 7. h3 Be7 8. Be3 O-O 9. Be2 a6 10. O-O b5 11. Rc1 Bb7 12. a3 Rc8 13. Qd2 Na5 14. Qd3 Nc4 15. Rc2 d5 16. e5 Ne4 17. Nd2 Nxc3 18.
bxc3 Nxa3 19. Ra2 a5 20. Nb3 Nc4 21. Qd1 a4 22. Bxc4 dxc4 23. Nd2 Qd5 24. Qf3 Qxf3 25.
Nxf3 Bc6 26. Rb1 Rb8 27. Bd2 Be4 28. Rbb2 a3 29. Rxa3 Bxa3 30. Ra2 b4 31. Ng5 Bd5 32. cxb4 Bxb4 33. Bxb4 Rxb4 34. Ra7 h6 35. f4 hxg5 0-1

[Event "Late-Titled-Tuesday-Blitz-November-28-2023"]
[Site "Chess.com"]
[Date "2023.11.28"]
[Round "3"]
[White "Njal28"]
[Black "AlexPapasimakopoulos"]
[Result "1-0"]
[WhiteElo "3000"]
[BlackElo "2674"]
[TimeControl "180+1"]
[EndTime "14:25:46 PST"]
[Termination "Njal28 won by checkmate"]

1. e4 e6 2. d4 d5 3. exd5 exd5 4. Nf3 Bg4 5. h3 Bh5 6. Be2 Bd6 7. O-O Nc6 8. c3 Nge7 9. Re1 Qd7 10. Nbd2 O-O 11. Nf1 f6 12. Ng3 Bg6 13. Nh4 Rae8 14. Nxg6 hxg6 15.
Bd3 f5 16. Nf1 Kf7 17. Nd2 Ng8 18. Nf3 Nf6 19. Rxe8 Rxe8 20. Qb3 Nd8 21. Bg5 c6 22. c4 dxc4 23. Bxc4+ Nd5 24. Bxd5+ cxd5 25. Qxd5+ Qe6 26. Qb5 a6 27. Qd3 Qd5 28. Bxd8 Rxd8 29. Re1 Qxa2 30. Ng5+ Kg8 31. b3 Rc8 32. Qe3 Qa5 33. Qe6+ Kh8 34.
Qxc8+ Bf8 35. Qxf8# 1-0

[Event "Late-Titled-Tuesday-Blitz-November-28-2023"]
[Site "Chess.com"]
[Date "2023.11.28"]
[Round "3"]
[White "rasmussvane"]
[Black "GothamChess"]
[Result "1-0"]
[WhiteElo "2975"]
[BlackElo "2654"]
[TimeControl "180+1"]
[EndTime "14:25:50 PST"]
[Termination "rasmussvane won by resignation"]

1. Nf3 d5 2. g3 Nc6 3. d4 Bf5 4. Bg2 Nb4 5. Na3 e6 6. O-O h6 7.
c3 Nc6 8. Qa4 Bd6 9. c4 Nf6 10. c5 Be7 11. Ne5 O-O 12. Nxc6 bxc6 13. Qxc6 Rb8 14. b3 Ne4 15. Bf4 Nc3 16. Rfe1 g5 17. Bd2 Ne4 18. Ba5 Bf6 19. e3 Qc8 20.
Qxc7 Qa6 21. Bf1 Qb7 22. Qxb7 Rxb7 23. c6 Rbb8 1-0

[Event "Late-Titled-Tuesday-Blitz-November-28-2023"]
[Site "Chess.com"]
[Date "2023.11.28"]
[Round "3"]
[White "Elbebiber"]
[Black "1800_strength"]
[Result "0-1"]
[WhiteElo "2137"]
[BlackElo "2789"]
[TimeControl "180+1"]
[EndTime "14:25:50 PST"]
[Termination "1800_strength won by resignation"]

1. d4 g5 2. Bxg5 c5 3. dxc5 Bg7 4. c3 Na6 5. Nf3 Nxc5 6. e3 d6 7. Be2 Nf6 8. Nbd2 Qb6 9. Nb3 Nce4 10. Bxf6 Bxf6 11. Bd3 Nc5 12. Nxc5 dxc5 13. Qc2 Be6 14. a4 Bb3 15. Qe2 O-O-O 16. a5 Qc6 17. O-O Rhg8 18. Kh1 Qe6 19. a6 b6 20. Rfe1 Rxg2 21. Kxg2 Qg4+ 22. Kh1 Rxd3 23. Qxd3 Qxf3+ 24. Kg1 Bd5 25. Kf1 c4 26.
Qxh7 Qg2+ 27. Ke2 Bf3+ 28. Kd2 Qxf2+ 0-1

[Event "Late-Titled-Tuesday-Blitz-November-28-2023"]
[Site "Chess.com"]
[Date "2023.11.28"]
[Round "3"]
[White "LastHeroJr"]
[Black "WilliamAlfaroCaracas"]
[Result "1-0"]
[WhiteElo "2471"]
[BlackElo "2218"]
[TimeControl "180+1"]
[EndTime "14:25:53 PST"]
[Termination "LastHeroJr won on time"]

1. e4 e5 2. Nf3 Nc6 3. Bb5 f5 4. d4 fxe4 5. Nxe5 Nxe5 6. dxe5 c6 7. Bc4 Qa5+ 8. c3 Qxe5 9. O-O d5 10. Bb3 Bd6 11. g3 Nf6 12. f3 O-O 13. Bf4 Qe6 14. fxe4 Nxe4 15. Bxd6 Qxd6 16. Rxf8+ Qxf8 17. Qe2 Bh3 18. Nd2 Qc5+ 19. Kh1 Nf2+ 20. Kg1 Ne4+ 21. Kh1 Nf2+ 22.
Kg1 Rf8 23. Nf3 Ne4+ 24. Nd4 Rf2 25. Qxe4 Rf8 26. Qh4 Bd7 27. Rf1 Rxf1+ 28. Kxf1 Qd6 29. Qd8+ Kf7 30. Qg5 h6 31. Qf4+ Kg8 32. Qxd6 1-0

[Event "Late-Titled-Tuesday-Blitz-November-28-2023"]
[Site "Chess.com"]
[Date "2023.11.28"]
[Round "3"]
[White "laziestwin"]
[Black "KorolDimitriy75"]
[Result "1-0"]
[WhiteElo "2608"]
[BlackElo "2304"]
[TimeControl "180+1"]
[EndTime "14:25:54 PST"]
[Termination "laziestwin won by checkmate"]

1. d4 Nf6 2. c4 c5 3. d5 b5 4. cxb5 a6 5. bxa6 g6 6. Nc3 Bxa6 7. e4 Bxf1 8. Kxf1 d6 9. g3 Bg7 10.
Kg2 O-O 11. Nf3 Nbd7 12. h3 Ra6 13. Qe2 Qa8 14. Bf4 Nb6 15. Rhd1 Na4 16. Nxa4 Rxa4 17.
e5 Nxd5 18. exd6 Nxf4+ 19. gxf4 exd6 20. Rxd6 Rxa2 21. Rxa2 Qxa2 22. Ne5 Rb8 23. Nc6 Rxb2 24. Ne7+ Kh8 25. Rd8+ Bf8 26. Qe5+ f6 27. Qxf6# 1-0